 Dungeon Crawl Stone Soup version 0.28-a0-932-g843f935a50 (webtiles) character file.

Game seed: 17102961953719539918

53190 freelancePsychic the Destroyer (level 14, -2/111 HPs)
             Began as a Demonspawn Venom Mage on Nov 27, 2021.
             Was a High Priest of Vehumet.
             Killed by divine providence
             ... invoked by Saint Roka
              (14 damage)
             ... on level 1 of the Orcish Mines on Nov 28, 2021.
             The game lasted 01:22:41 (28077 turns).

freelancePsychic the Destroyer (DsVM)              Turns: 28077, Time: 01:22:42

Health: -2/111     AC: 18    Str:  9    XL:     14   Next: 29%
Magic:  0/33       EV: 12    Int: 21    God:    Vehumet [*****.]
Gold:   1051       SH:  0    Dex: 14    Spells: 12/26 levels left

rFire   + . .      SeeInvis .   b - staff of earth
rCold   + . .      Faith    .   (no shield)
rNeg    . . .      Spirit   .   z - +5 ring mail of Morality {Rampage rPois rC+ Will+}
rPois   +          Reflect  .   n - +0 helmet
rElec   .          Harm     .   (no cloak)
rCorr   .          Rampage  +   (gloves unavailable)
Will    ++...                   h - +2 pair of boots
Stlth   ++........              L - amulet of regeneration
HPRegen 1.08/turn               F - ring of protection from fire
MPRegen 0.23/turn               A - ring of magical power

@: about to teleport
A: claws 3, thin metallic scales 2, icemail 1, condensation shield, demonic
magic 1
a: Renounce Religion


You were on level 1 of the Orcish Mines.
You worshipped Vehumet.
Vehumet was extremely pleased with you.
You visited 4 branches of the dungeon, and saw 21 of its levels.

You collected 1722 gold pieces.
You spent 671 gold pieces at shops.

Inventory:

Hand Weapons
 a - a +2 dagger of electrocution
Missiles
 k - 568 stones
Armour
 d - a +0 robe
 h - a +2 pair of boots (worn)
 n - a +0 helmet (worn)
 x - a +0 pair of gloves
 z - the +5 ring mail of Morality (worn) {Rampage rPois rC+ Will+}
   (You bought it in a shop on level 9 of the Dungeon)

   rC:        It protects you from cold.
   rPois:     It protects you from poison.
   Rampage:   It bestows one free step when moving towards enemies.
   Will:      It increases your willpower.
 I - a +2 buckler
Magical Staves
 b - a staff of earth (weapon)
Jewellery
 m - an amulet of magic regeneration
 o - a ring of willpower
 s - a ring of fire
 A - a ring of magical power (right claw)
 F - a ring of protection from fire (left claw)
 J - the ring of Moogom {Fly Str+4 Dex+3}
   (You found it on level 3 of the Lair of Beasts)

   [ring of flight]

   Str:       It affects your strength (+4).
   Dex:       It affects your dexterity (+3).
   Fly:       It grants you flight.
 L - an amulet of regeneration (around neck)
 P - a +4 ring of evasion
Wands
 i - a wand of digging (12)
 r - a wand of polymorph (7)
 t - a wand of paralysis (3)
 u - a wand of flame (106)
 y - a wand of mindburst (14)
 C - a wand of iceblast (5)
Scrolls
 g - a scroll of fog
 j - a scroll of teleportation {@r4}
 l - a scroll of magic mapping
 v - a scroll of vulnerability
 B - 2 scrolls of amnesia
 E - a scroll of brand weapon
 M - a scroll of blinking
 O - a scroll of immolation
Potions
 c - 4 potions of flight
 e - 7 potions of curing {@q1}
 p - 3 potions of attraction
 q - 2 potions of might
 w - a potion of resistance
 G - a potion of cancellation
 H - a potion of invisibility
 K - a potion of brilliance
 N - a potion of ambrosia


   Skills:
 - Level 10.9 Fighting
 - Level 5.0 Short Blades
 - Level 5.4 Armour
 - Level 6.1 Dodging
 - Level 5.0 Stealth
 + Level 2.1 Shields
 - Level 6.8 Spellcasting
 + Level 13.4 Conjurations
 - Level 0.8 Transmutations
 - Level 1.0 Air Magic
 + Level 10.9 Earth Magic
 - Level 6.0 Poison Magic


You had 12 spell levels left.
You knew the following spells:

 Your Spells              Type           Power      Damage    Failure   Level
a - Sandblast             Erth           100%       2d20      1%          1
b - Iron Shot             Conj/Erth      36%        9d7       7%          6
c - Mephitic Cloud        Conj/Pois/Air  35%        N/A       1%          3
d - Olgreb's Toxic Radia  Pois           32%        N/A       5%          4

Your spell library contained the following spells:

 Spells                   Type           Power      Damage    Failure   Level
 Magic Dart               Conj           100%       1d8       1%          1
 Stone Arrow              Conj/Erth      100%       3d13      1%          3
 Poisonous Vapours        Pois/Air       44%        N/A       2%          2
 Passwall                 Tmut/Erth      39%        N/A       3%          2
 Hailstorm                Conj/Ice       35%        3d9       4%          4
 Sting                    Tmut/Pois      84%        1d7       5%          1
 Freeze                   Ice            28%        1d5       6%          1
 Frozen Ramparts          Ice            14%        1d3       17%         3
 Leda's Liquefaction      Hex/Erth       22%        N/A       24%         4
 Call Imp                 Summ           7%         N/A       34%         2
 Call Canine Familiar     Summ           7%         N/A       56%         3
 Portal Projectile        Hex/Tloc       14%        N/A       56%         3


Dungeon Overview and Level Annotations

Branches:
Dungeon (12/15)            Temple (1/1) D:4            Lair (6/6) D:10
  Swamp (0/4) Lair:3       Spider (0/4) Lair:3        Slime (0/5) Lair:5
    Orc (2/2) D:12            Elf (0/3) Orc:2

Altars:
Ashenzari
Cheibriados
Dithmenos
Elyvilon
Fedhas
Gozag
Hepliaklqana
Kikubaaqudgha
Makhleb
Nemelex Xobeh
Okawaru
Qazlal
Ru
Sif Muna
Trog
Uskayaw
Vehumet
Wu Jian
Xom
Yredelemnul
Zin
The Shining One
Beogh

Shops:
D:2 ?   D:7 *   D:8 (   D:9 [   D:12 *

Annotations:
D:7 Harold
D:10 exclusion: ice statue
D:12 2 transporters, lunkers's ghost, journeyman TrCA
Lair:5 exclusion: 3 oklob plants
Orc:1 Saint Roka


Innate Abilities, Weirdness & Mutations

You have claws for hands.
You are mostly covered in thin metallic scales. (AC +3)
A meltable icy envelope protects you from harm. (AC +0)
A meltable shield of frost defends you. (SH +0)
Spells you cast may paralyse adjacent enemies.


Message History

You feel much better. Saint Roka completely misses you.
Something hits you but does no damage.
Casting: Sandblast (safe; 1% risk of failure)
Confirm with . or Enter, or press ? or * to list all spells.
Aiming: Sandblast (safe; 1% risk of failure)
Press: ? - help, Shift-Dir - straight line, f/p - Saint Roka
Aim: Saint Roka, wielding a +0 war axe and wearing a +3 plate armour of cold resistance (almost dead, 90% to hit)
You feel a surge of power!
The blast of sand hits Saint Roka!
Saint Roka is almost dead.
k - 569 stones Malevolent energies surge around you.
Saint Roka hits you with a +0 war axe!! Something hits you.
Casting: Sandblast (safe; 1% risk of failure)
Confirm with . or Enter, or press ? or * to list all spells.
Aiming: Sandblast (safe; 1% risk of failure)
Press: ? - help, Shift-Dir - straight line, f/p - Saint Roka
Aim: Saint Roka, wielding a +0 war axe and wearing a +3 plate armour of cold resistance (almost dead, 90% to hit)
You feel a surge of power!
The blast of sand hits Saint Roka but does no damage.
Saint Roka is almost dead.
k - 568 stones Malevolent energies surge around you.
Saint Roka calls down the wrath of Beogh upon you.
Beogh smites you!
* * * LOW HITPOINT WARNING * * *
You hear some strange, mumbled words.
A magic dart appears from out of thin air!
The magic dart hits you but does no damage.
Saint Roka invokes the aid of Beogh against you.
Beogh smites you!
* * * LOW HITPOINT WARNING * * *
A magic dart appears from out of thin air!
The magic dart hits you.
* * * LOW HITPOINT WARNING * * *
Items here: )) [[.
As you read the scroll of teleportation {@r4}, it crumbles to dust.
You feel strangely unstable.
Saint Roka calls down the wrath of Beogh upon you.
Beogh smites you!
You die...

...#.#.###
#....[......#........
.#######
##..#...[.[..........
## #...##..............
# ##.#####[...[#...#..
####...#.#)[..[..#.####
#........[[.##..#### #
###.........[.....#.##
#
##.#.._.......[...#...#
# #........@##.
##......##.#.###.####
##.........## ### #
###...##.## ########


You could see Saint Roka.

Vanquished Creatures
  7 hydras
  4 boulder beetles
  A catoblepas (Lair:4)
  4 two-headed ogres
  3 death yaks (Lair:4)
  2 orc high priests
  Nergalle (Orc:1)
  A fire crab (Lair:6)
  Pikel (D:7)
  2 orc knights (Orc:1)
  2 orc sorcerers (Orc:2)
  3 black mambas
  10 elephants (Lair:5)
  A torpor snail (Lair:4)
  14 cane toads
  2 rime drakes
  3 komodo dragons
  3 trolls
  3 jumping spiders (Lair:3)
  4 polar bears (Lair:6)
  Grinder (D:6)
  13 blink frogs
  6 hornets (Lair:6)
  A dream sheep (Lair:6)
  12 spriggans (Lair:6)
  A shadow (D:11)
  3 wraiths
  3 wyverns
  A redback (Lair:3)
  36 yaks
  3 basilisks
  3 vampire mosquitoes (D:12)
  3 wargs
  3 acid dragons
  7 water moccasins
  A sky beast (D:6)
  19 orc warriors
  An ice beast (D:6)
  5 ogres
  A necrophage (D:3)
  2 black bears
  13 centaurs
  3 boggarts (Lair:6)
  27 wolves
  Blork the orc (D:4)
  3 kobold brigands
  14 bullfrogs
  A gnoll sergeant (D:11)
  A two-headed ogre simulacrum (Orc:1)
  2 wyvern skeletons
  3 elephant simulacra (Orc:1)
  4 killer bees (D:10)
  3 wights (D:10)
  5 electric eels
  7 howler monkeys
  2 centaur zombies (D:10)
  2 bullfrog zombies (D:5)
  2 jellies
  A centaur skeleton (D:6)
  A bullfrog skeleton (D:6)
  9 orc priests
  2 hounds (D:5)
  4 iguanas
  17 orc wizards
  A wolf simulacrum (Orc:1)
  2 spriggan simulacra (Orc:1)
  7 gnolls
  A howler monkey skeleton (D:5)
  A naga simulacrum (Orc:1)
  8 adders
  A white imp (D:8)
  4 worms
  3 dart slugs
  53 orcs
  3 ball pythons
  3 bats
  11 endoplasms
  2 giant cockroaches
  8 goblins
  16 hobgoblins
  4 jackals (D:4)
  6 quokkas
  3 frilled lizards
  23 kobolds
  11 rats
494 creatures vanquished.

Vanquished Creatures (collateral kills)
  A black mamba (Lair:5)
  An elephant (Lair:5)
  A rime drake (Lair:5)
  2 orc warriors (Orc:1)
  An orc (Orc:1)
6 creatures vanquished.

Vanquished Creatures (others)
  30 fungi
  51 plants
81 creatures vanquished.

Grand Total: 581 creatures vanquished

Notes
Turn   | Place    | Note
-------+----------+-------------------------------------------
     0 | D:1      | freelancePsychic the Demonspawn Venom Mage began the quest
                  | for the Orb.
     0 | D:1      | Reached XP level 1. HP: 13/13 MP: 3/3
   230 | D:1      | Gained mutation: You are partially covered in thin metallic
                  | scales. (AC +2) [demonic ancestry]
   230 | D:1      | Reached XP level 2. HP: 19/19 MP: 0/5
   461 | D:1      | Learned a level 2 spell: Poisonous Vapours
   720 | D:1      | Reached skill level 1 in Air Magic
  1533 | D:2      | Reached XP level 3. HP: 9/24 MP: 0/7
  2626 | D:2      | Reached XP level 4. HP: 31/31 MP: 1/8
  2697 | D:2      | Found Itoimpez's Magic Scroll Boutique.
  2706 | D:2      | Bought a scroll of identify for 26 gold pieces
  2706 | D:2      | Bought a scroll of identify for 26 gold pieces
  2757 | D:2      | Found a faded altar of an unknown god.
  2974 | D:3      | Reached skill level 1 in Fighting
  3392 | D:3      | Reached skill level 1 in Conjurations
  3392 | D:3      | Reached XP level 5. HP: 32/38 MP: 0/9
  4900 | D:4      | Noticed an orc warrior
  4978 | D:4      | Noticed Blork the orc
  5000 | D:4      | Killed Blork the orc
  5001 | D:4      | Reached skill level 2 in Conjurations
  5001 | D:4      | Gained mutation: A meltable shield of frost defends you.
                  | (SH +0) [demonic ancestry]
  5001 | D:4      | Reached XP level 6. HP: 21/46 MP: 3/10
  5264 | D:4      | Learned a level 3 spell: Mephitic Cloud
  5376 | D:4      | Found a staircase to the Ecumenical Temple.
  5708 | D:3      | Reached skill level 5 in Poison Magic
  5738 | D:3      | Learned a level 4 spell: Olgreb's Toxic Radiance
  5967 | D:4      | Killed an orc warrior
  5968 | D:4      | Gained mutation: You have sharp fingernails. [demonic
                  | ancestry]
  5968 | D:4      | Reached XP level 7. HP: 52/52 MP: 2/12
  6140 | Temple   | Entered the Ecumenical Temple
  6406 | Temple   | Became a worshipper of Vehumet
  6461 | D:5      | Entered Level 5 of the Dungeon
  7839 | D:6      | Reached * piety under Vehumet
  7839 | D:6      | Offered knowledge of Sandblast by Vehumet.
  7842 | D:6      | Reached skill level 1 in Earth Magic
  7843 | D:6      | Gained mutation: You are mostly covered in thin metallic
                  | scales. (AC +3) [demonic ancestry]
  7843 | D:6      | Reached XP level 8. HP: 61/61 MP: 0/14
  8041 | D:6      | Noticed Grinder
  8177 | D:6      | Reached skill level 5 in Fighting
  8196 | D:6      | Killed Grinder
  8197 | D:6      | Reached skill level 5 in Spellcasting
  8333 | D:6      | Learned a level 1 spell: Sandblast
  9398 | D:7      | Noticed Pikel
  9413 | D:7      | Killed Pikel
  9414 | D:7      | Reached XP level 9. HP: 71/71 MP: 10/18
  9520 | D:7      | Found Duises's Assorted Antiques.
  9575 | D:7      | Bought a scroll labelled KIEKLU KAI for 33 gold pieces
  9877 | D:7      | Noticed Harold
 10459 | D:8      | Found Julum's Antique Weapon Shoppe.
 10584 | D:8      | Offered knowledge of Scorch by Vehumet.
 10605 | D:8      | Reached ** piety under Vehumet
 11160 | D:8      | Reached skill level 3 in Conjurations
 11310 | D:9      | Found Ymis's Armour Shoppe.
 11527 | D:9      | Noticed a troll
 11530 | D:9      | Killed a troll
 11531 | D:9      | Reached skill level 4 in Conjurations
 11537 | D:9      | Noticed a two-headed ogre
 11547 | D:9      | Killed a two-headed ogre
 11548 | D:9      | Reached skill level 5 in Conjurations
 11548 | D:9      | Gained mutation: Spells you cast may paralyse adjacent
                  | enemies. [demonic ancestry]
 11548 | D:9      | Reached XP level 10. HP: 82/82 MP: 11/19
 11609 | D:9      | Reached skill level 6 in Conjurations
 12303 | D:9      | Found a burning altar of Makhleb.
 12303 | D:9      | Noticed an Executioner
 12605 | D:10     | Entered Level 10 of the Dungeon
 13058 | D:10     | Reached skill level 7 in Conjurations
 13169 | D:10     | Noticed an ice statue
 13276 | D:10     | Offered knowledge of Dazzling Flash by Vehumet.
 13532 | D:10     | Found a staircase to the Lair.
 13707 | D:10     | Noticed a two-headed ogre
 13722 | D:10     | Killed a two-headed ogre
 13723 | D:10     | Reached skill level 10 in Fighting
 13848 | D:10     | Reached skill level 8 in Conjurations
 14160 | D:10     | Upgraded the game from 0.28-a0-925-gd5e1996cdb to
                  | 0.28-a0-932-g843f935a50
 14218 | D:11     | Noticed a four-headed hydra
 14951 | D:11     | Reached *** piety under Vehumet
 14997 | D:11     | Gained mutation: You have very sharp fingernails. [demonic
                  | ancestry]
 14997 | D:11     | Reached XP level 11. HP: 63/92 MP: 21/21
 15199 | D:11     | Killed a four-headed hydra
 15200 | D:11     | Reached skill level 1 in Short Blades
 15349 | D:11     | Noticed a two-headed ogre
 15365 | D:11     | Killed a two-headed ogre
 15828 | D:12     | Offered knowledge of Inner Flame by Vehumet.
 16062 | D:12     | Reached skill level 5 in Stealth
 16326 | D:12     | Reached skill level 5 in Short Blades
 16402 | D:12     | Reached skill level 1 in Armour
 16459 | D:12     | Found Gilann's Assorted Antiques.
 16462 | D:12     | Found a staircase to the Orcish Mines.
 16467 | D:12     | Bought a scroll labelled ZENIPHE LAID for 29 gold pieces
 16467 | D:12     | Bought a scroll labelled REIRGH VETOST for 29 gold pieces
 16509 | D:12     | Found a transporter.
 16517 | D:12     | Noticed lunkers's ghost (journeyman TrCA)
 16557 | D:12     | Reached **** piety under Vehumet
 16652 | D:12     | Found a transporter.
 16790 | Orc:1    | Entered Level 1 of the Orcish Mines
 16791 | Orc:1    | Noticed Nergalle
 16809 | Orc:1    | Killed Nergalle
 16812 | Orc:1    | Offered knowledge of Yara's Violent Unravelling by Vehumet.
 17031 | Orc:1    | Noticed a two-headed ogre
 17222 | Orc:1    | Noticed an orc high priest
 17223 | Orc:1    | Noticed an orc knight
 17228 | Orc:1    | Found a frozen archway.
 17239 | Orc:1    | Killed a two-headed ogre
 17263 | Orc:1    | Noticed an orc knight
 17300 | Orc:1    | Reached skill level 5 in Dodging
 17355 | D:12     | Killed an orc high priest
 17450 | Orc:1    | Killed an orc knight
 17451 | Orc:1    | Gained mutation: A meltable icy envelope protects you from
                  | harm. (AC +0) [demonic ancestry]
 17451 | Orc:1    | Reached XP level 12. HP: 46/99 MP: 22/22
 17932 | Orc:2    | Entered Level 2 of the Orcish Mines
 17952 | Orc:2    | Noticed an orc high priest
 18049 | Orc:2    | Found a staircase to the Elven Halls.
 18074 | Orc:2    | Noticed a boulder beetle
 18312 | Orc:2    | Killed a boulder beetle
 18313 | Orc:2    | Killed an orc high priest
 18314 | Orc:2    | Reached skill level 9 in Conjurations
 18531 | Orc:2    | Noticed a two-headed ogre
 18602 | Orc:2    | Noticed Saint Roka
 19208 | Lair:1   | Entered Level 1 of the Lair of Beasts
 19411 | D:9      | Bought the +5 ring mail of Morality {Rampage rPois rC+
                  | Will+} for 528 gold pieces
 19724 | Lair:1   | Reached skill level 5 in Earth Magic
 19803 | Lair:1   | Noticed a four-headed hydra
 19810 | Lair:1   | Killed a four-headed hydra
 19900 | Lair:1   | Reached ***** piety under Vehumet
 20327 | Lair:2   | Reached skill level 5 in Armour
 20455 | Lair:2   | Noticed a seven-headed hydra
 20462 | Lair:2   | Killed a seven-headed hydra
 20462 | Lair:2   | Offered knowledge of Iron Shot by Vehumet.
 20470 | Lair:2   | Learned a level 6 spell: Iron Shot
 20486 | Lair:2   | Noticed a six-headed hydra
 20492 | Lair:2   | Killed a six-headed hydra
 20934 | Lair:2   | Reached skill level 10 in Conjurations
 21586 | Lair:3   | Reached XP level 13. HP: 105/105 MP: 23/23
 21790 | Lair:3   | Found a staircase to the Swamp.
 21978 | Lair:3   | Identified the ring of Moogom {Fly Str+4 Dex+3}
 22080 | Lair:3   | Identified the +11 hunting sling of the Witching Fool
                  | {flame, Str+3}
 22080 | Lair:3   | Found a hole to the Spider Nest.
 23105 | Lair:4   | Found a runed translucent door.
 23452 | Lair:4   | Reached skill level 11 in Conjurations
 24585 | Lair:4   | Reached skill level 12 in Conjurations
 24976 | Lair:5   | Found a staircase to the Slime Pits.
 25389 | Lair:6   | Entered Level 6 of the Lair of Beasts
 25459 | Lair:6   | Reached skill level 10 in Earth Magic
 25744 | Lair:6   | Gained mutation: You have claws for hands. [demonic
                  | ancestry]
 25744 | Lair:6   | Reached XP level 14. HP: 111/111 MP: 23/24
 25819 | Lair:6   | Reached skill level 13 in Conjurations
 26139 | Lair:6   | Identified the +6 mace of Freehold {protect, rElec rF- rN++
                  | Will+}
 26384 | Lair:6   | Reached skill level 1 in Shields
 28077 | Orc:1    | Killed from afar by Saint Roka

Illustrated notes

Levels and vault maps discovered:
D:1:      heliophobic_arrival_glass_houses, layout_basic
D:2:      layout_loops_ring, dreamdust_ecumenical_altar_angels_and_demons,
          serial_shops, nicolae_shop_trees, minmay_misc_feat_diagonals,
          nrook_mini_backslash
D:3:      layout_loops_ring
D:4:      layout_basic, temple_pool_b, uniq_blork_the_orc
D:5:      corexii_shack_village, layout_rooms, sigmund_army
D:6:      layout_basic, uniq_grinder
D:7:      layout_basic, serial_shops, nicolae_shop_crystal, uniq_pikel,
          uniq_harold
D:8:      layout_loops_ring, kennysheep_windowed_goal
D:9:      layout_basic, makhleb_altar_promises_db, serial_shops,
          nicolae_shop_competitors_out_of_business, roderic_lattice_a
D:10:     layout_basic, grunt_lair_entry_orc_guard_hut, minmay_statue_bubble
D:11:     layout_long_grid
D:12:     layout_small_grid, orc_0_dummy, gammafunk_ghost_hive, serial_shops,
          shop
Temple:   nicolae_temple_the_god_donut
Lair:1:   layout_chaotic_city, wad_woods_03, infiniplex_staircase_pool_2
Lair:2:   layout_roguey
Lair:3:   layout_regular_city, swamp_mist, spider_nest_entry_a, minivault_23,
          hangedman_lair_unloving_vines, cheibrodos_lair_reptile_den
Lair:4:   layout_roguey, chequers_serial_rivers_micro_b, pf_torpor_hydra,
          serial_bayou_shore_a
Lair:5:   layout_cellular_growth, minmay_slime_entry_oklob_enclosed,
          chequers_serial_rivers_micro_d, grunt_forest_small_clearing_treed
Lair:6:   minmay_lair_end_enchanted_forest, layout_layer_cave,
          chequers_serial_rivers_micro_b, nicolae_lair_grove_arrangements,
          nzn_sisyphean_effort
Orc:1:    layout_caves, basic_altar, portal_ice_cave_entry_ice_simulacra,
          uniq_nergalle
Orc:2:    st_orc_mages, layout_caves, gammafunk_ghost_cemetery, rock_pile,
          uniq_saint_roka

Skill      XL: |  1  2  3  4  5  6  7  8  9 10 11 12 13 14 |
---------------+-------------------------------------------+-----
Air Magic      | 1 |  1.0
Spellcasting   | 3 4 6 |  6.8
Fighting       | 1 2 3 4 6 8 10 | 10.9
Poison Magic   | 4 5 6 |  6.0
Conjurations   | 1 2 5 8 10 12 13 | 13.4
Earth Magic    | 1 4 7 10 | 10.9
Stealth        | 2 5 |  5.0
Short Blades   | 5 |  5.0
Dodging        | 5 6 |  6.1
Armour         | 1 5 |  5.4
Shields        | 2 |  2.1
Transmutations | |  0.8

Action                   |  1- 3 |  4- 6 |  7- 9 | 10-12 | 13-15 || total
-------------------------+-------+-------+-------+-------+-------++-------
Melee: Dagger            |    99 |   161 |   208 |   353 |   264 ||  1085
       Unarmed           |     1 |       |       |       |       ||     1
       Staff             |       |       |    96 |   106 |    69 ||   271
 Cast: Sting             |    37 |     3 |       |       |       ||    40
       Poisonous Vapours |    28 |    64 |    19 |       |       ||   111
       Mephitic Cloud    |       |     1 |    14 |    45 |     1 ||    61
       Olgreb's Toxic Ra |       |       |    18 |   124 |    66 ||   208
       Sandblast         |       |       |    41 |   106 |    18 ||   165
       Iron Shot         |       |       |       |       |    77 ||    77
Evoke: Wand              |       |       |       |     3 |     1 ||     4
  Use: Scroll            |     2 |     5 |     6 |    13 |     8 ||    34
       Potion            |       |     4 |     1 |     2 |     5 ||    12
 Stab: Sleeping          |     1 |     3 |     1 |       |     3 ||     8
       Confused          |       |       |     2 |    10 |       ||    12
       Paralysed         |       |       |       |    68 |    25 ||    93
Armor: Robe              |    30 |    35 |   116 |    97 |       ||   278
       Skin              |       |     4 |       |       |       ||     4
       Acid dragon scale |       |       |       |    69 |       ||    69
       Ring mail         |       |       |       |    46 |   260 ||   306
Dodge: Dodged            |    61 |    94 |   217 |   224 |   218 ||   814
Block: Other             |       |    13 |    59 |    76 |    57 ||   205

Table legend: (Time is in decaauts)
 A = Elapsed time spent in this place.
 B = Non-inter-level travel time spent in this place.
 C = Inter-level travel time spent in this place.
 D = Time resting spent in this place.
 E = Time spent auto-exploring this place.
 F = Levels seen in this place.
 G = Mean time per level.
                   A        B        C        D        E       F      G
               +--------+--------+--------+--------+--------+-----+--------+
         Total |  27999 |  26452 |   1547 |   3965 |  18112 |  21 | 1333.3 |
       Dungeon |  17783 |  16683 |   1100 |   3004 |  10938 |  12 | 1481.9 |
        Temple |    283 |    267 |     16 |      0 |    230 |   1 |  283.0 |
          Lair |   7958 |   7599 |    359 |    119 |   6381 |   6 | 1326.3 |
  Orcish Mines |   1974 |   1904 |     70 |    842 |    563 |   2 |  987.0 |
               +--------+--------+--------+--------+--------+-----+--------+

Top non-repeatable levels by time:
    D:12: 1997 daAuts
     D:2: 1975 daAuts
  Lair:6: 1952 daAuts
    D:10: 1875 daAuts
     D:4: 1830 daAuts
   Orc:1: 1633 daAuts
     D:3: 1609 daAuts
  Lair:4: 1569 daAuts
    D:11: 1463 daAuts
     D:9: 1434 daAuts
  Lair:5: 1362 daAuts
     D:6: 1240 daAuts
     D:1: 1166 daAuts
     D:5: 1163 daAuts
  Lair:2: 1127 daAuts
